AoeStats
← luis_14_mota

MegaRandom

508776249Analyzed
2v2 RM · 9d ago on Sep 24, 2026· 64m 31s· 4 players
Game mode
Random Map
Map size
Medium (4 player)
Population
200
Speed
Normal
Resources
Standard
Victory
Conquest
Starting age
Dark Age
Ending age
Imperial Age
RankedLock teamsTeams togetherTeam positionsShared explorationLock speedFull tech treeHidden civsTurbo modeCheats
Victory
Defeat
🇺🇸 Saxons · United States
441
+15
🇲🇽 Britons · Mexico
405
+17
🇺🇸 Franks · United States
444
-16
🇺🇸 Huns · United States
412
-16
luis_14_mota
13:46 Feudal Age
14:13 Horse Collar
14:21 Double-Bit Axe
17:39 Gold Mining
19:15 Stone Mining
20:25 Wheelbarrow
25:51 Castle Age
26:11 Arson
25:47 Man-at-Arms
27:46 Bow Saw
28:14 Gold Shaft Mining
28:19 Hand Cart
27:49 Loom
28:40 Hand Cart
28:11 Loom
29:58 Husbandry
35:01 Imperial Age
34:59 Coinage
34:30 Caravan
38:18 Hoardings
37:03 Elite Longbowman
38:06 Conscription
40:14 Warwolf
45:38 Yeomen
46:46 Guilds
47:07 Banking
49:01 Masonry
49:19 Ballistics
50:00 Chemistry
50:52 Two-Man Saw
51:50 Demolition Ship
52:41 Medium Warships
52:16 Fishing Lines
54:37 Scale Mail Armor
54:43 Scale Barding Armor
54:48 Forging
54:29 Fletching
54:40 Padded Archer Armor
55:14 Architecture
54:31 Arrowslits
54:53 Siege Engineers
54:31 Treadmill Crane
55:01 Siphons
55:17 Shipwright
55:08 Clinker Construction
55:08 Careening
55:05 Heated Shot
59:34 Gillnets
rmross74
0:47 Loom
12:48 Feudal Age
13:14 Town Watch
14:05 Wheelbarrow
13:20 Double-Bit Axe
13:17 Horse Collar
13:32 Gold Mining
14:29 Stone Mining
21:25 Castle Age
22:27 Hand Cart
22:15 Heavy Plow
25:13 Bow Saw
25:59 Gold Shaft Mining
27:37 Town Patrol
28:44 Sanctity
33:24 Imperial Age
31:00 Devotion
31:01 Atonement
31:51 Gambesons
32:07 Squires
31:53 Arson
32:09 Herbal Medicine
34:27 Block Printing
34:38 Illumination
34:44 Elite Varangian Guard
36:11 Crop Rotation
35:48 Murder Holes
35:39 Arrowslits
36:07 Masonry
35:39 Treadmill Crane
36:34 Conscription
36:46 Guard Tower
37:58 Chemistry
38:31 Theocracy
38:27 Ballistics
39:16 Scale Mail Armor
39:07 Fletching
39:28 Forging
39:19 Padded Archer Armor
39:25 Scale Barding Armor
39:20 Elite Hearth Troop
39:22 Clerical Recruitment
40:41 Hoardings
39:33 Pikeman
41:56 Crossbowman
42:42 Thumb Ring
41:58 Elite Skirmisher
43:06 Faith
43:02 Redemption
42:35 Sappers
43:49 Keep
43:45 Architecture
42:52 Cranequins
43:38 Husbandry
44:06 Heated Shot
44:25 Arbalester
46:11 Heavy Mounted Crossbowman
47:09 Bloodlines
49:37 Cavalier
51:04 Light Cavalry
52:20 Siege Engineers
53:33 Bodkin Arrow
54:45 Leather Archer Armor
54:31 Bracer
55:07 Iron Casting
54:48 Chain Mail Armor
54:55 Chain Barding Armor
59:24 Ring Archer Armor
59:25 Plate Mail Armor
58:32 Halberdier
58:52 Shield Wall
60:35 Hussar
_zpecial_
14:19 Feudal Age
15:57 Wheelbarrow
19:49 Man-at-Arms
24:05 Castle Age
25:16 Hand Cart
25:54 Long Swordsman
26:19 Gambesons
26:35 Squires
26:21 Arson
26:00 Crossbowman
26:00 Elite Skirmisher
26:03 Light Cavalry
26:44 Husbandry
33:53 Imperial Age
32:57 Forging
32:48 Scale Mail Armor
32:55 Padded Archer Armor
33:02 Scale Barding Armor
32:49 Fletching
33:56 Two-Handed Swordsman
34:37 Heavy Mounted Crossbowman
34:41 Cranequins
36:11 Champion
42:15 Heavy Scorpion
44:46 Chain Mail Armor
45:08 Iron Casting
44:24 Fletching
45:56 Leather Archer Armor
46:12 Plate Mail Armor
46:50 Chain Barding Armor
iiBluzzi
15:18 Feudal Age
15:44 Horse Collar
16:42 Wheelbarrow
19:25 Gold Mining
19:43 Double-Bit Axe
24:11 Castle Age
22:30 Stone Mining
25:10 Loom
27:35 Heavy Plow
27:49 Bow Saw
28:32 Gold Shaft Mining
29:48 Thumb Ring
29:42 Pikeman
30:29 Squires
30:58 Hand Cart
37:06 Imperial Age
39:31 Parthian Tactics
40:05 Elite Tarkan
42:42 Heavy Cavalry Archer
42:46 Elite Skirmisher
45:07 Marauders
Connection lost

Rejoining the realm…

Still unreachable

The connection could not be restored.

Session expired

The server has moved on; the page needs a fresh start.